 Dungeon Crawl Stone Soup version 0.27-a0-1184-ge86db4a01e (webtiles) character file.

Game seed: 5889033321617583155

349 HoaS the Ruffian (level 6, -2/55 HPs)
             Began as a Troll Hunter on May 18, 2021.
             Splashed by an acid dragon's acid (10 damage)
             ... on level 4 of the Dungeon.
             The game lasted 00:13:40 (3216 turns).

HoaS the Ruffian (Troll Hunter)                     Turns: 3216, Time: 00:13:41

Health: -2/55      AC:  3    Str: 21    XL:     6   Next: 33%
Magic:  5/5        EV: 10    Int:  7    God:
Gold:   125        SH:  0    Dex: 12    Spells: 5/5 levels left

rFire    + . .     SeeInvis .     - Unarmed
rCold    . . .     Faith    .   (no shield)
rNeg     . . .     Spirit   .   b - +0 robe
rPois    .         Reflect  .   h - +2 hat
rElec    .         Harm     .   i - +0 cloak
rCorr    .         Rampage  .   (gloves unavailable)
Will     .....                  (boots unavailable)
Stlth    ++........             (no amulet)
HPRegen  1.18/turn              e - ring of protection from fire
MPRegen  0.09/turn              (no ring)

@: corroded
A: large, unfitting armour, claws 3, regeneration 1, shaggy fur 1, tough skin 1
a: no special abilities


You were on level 4 of the Dungeon.
You visited 1 branch of the dungeon, and saw 4 of its levels.
You also visited: Ossuary.

You collected 125 gold pieces.

Inventory:

Missiles
 c - 3 large rocks
 d - 2 throwing nets
Armour
 b - a +0 robe (worn)
 h - a +2 hat (worn)
 i - a +0 cloak (worn)
Jewellery
 e - a ring of protection from fire (left claw)
 f - a ring of fire
Wands
 j - a wand of polymorph (8)
 k - a wand of iceblast (4) (quivered)
Scrolls
 o - a scroll of teleportation
Potions
 a - 4 potions of heal wounds
 g - a potion of curing
 l - a potion of attraction
 m - a potion of lignification
 n - 2 potions of haste
 p - a potion of brilliance {unknown}
 q - a potion of resistance {unknown}
 u - 2 potions of berserk rage
 v - a potion of flight {unknown}


   Skills:
 - Level 1.5 Fighting
 - Level 3.6 Throwing
 - Level 1.5 Dodging
 + Level 2.8 Stealth
 + Level 4.4 Unarmed Combat


You had 5 spell levels left.
You didn't know any spells.
Your spell library was empty.

Dungeon Overview and Level Annotations

Branches:
Dungeon (4/15)            Ossuary (visited)
 Temple: D:4-7

Altars:
Fedhas
Qazlal
Zin

Shops:
D:3 *


Innate Abilities, Weirdness & Mutations

You are too large for most types of armour.
You have claws for hands.
Your natural rate of healing is unusually fast.
You are covered in fur. (AC +1)
You have tough skin. (AC +1)


Message History

m - a potion of lignification
As you read the scroll labelled KIPNESCH XAESEG, it crumbles to dust.
You feel strangely unstable.
It was a scroll of teleportation.
As you read the scroll labelled ICIRUHE SIEKO, it crumbles to dust.
You speak a Word of immense power!
It was a scroll of holy word.
As you read the scroll labelled JICLEPL KUNI, it crumbles to dust.
You feel aware of your surroundings.
You sensed 1 altar.
It was a scroll of magic mapping.
Your surroundings suddenly seem different.
An acid dragon is nearby!
Throw: 5 large rocks
Press: ? - help, Shift-Dir - straight line, f - acid dragon
Aim: an acid dragon (wandering, hasn't noticed you, 57% to hit)
You throw a large rock. The acid dragon roars!
The large rock hits the acid dragon!
The acid dragon is moderately wounded.
Throw: 2 throwing nets
Press: ? - help, Shift-Dir - straight line, f/p - acid dragon
Aim: an acid dragon (moderately wounded, 57% to hit)
Okay, then.
Throw: 4 large rocks
Press: ? - help, Shift-Dir - straight line, f/p - acid dragon
Aim: an acid dragon (moderately wounded, 57% to hit)
You throw a large rock.
The large rock hits the acid dragon but does no damage.
The acid dragon is moderately wounded.
The acid dragon spits acid at you. The splash of acid hits you!!
The acid corrodes you!
You are splashed with acid!
The acid dragon bites you. The acid dragon claws you.
You claw the acid dragon!
The acid dragon is severely wounded.
You scratch the acid dragon.
The acid dragon is almost dead.
The acid dragon spits acid at you. The splash of acid hits you!
* * * LOW HITPOINT WARNING * * *
You are splashed with acid!
You die...

*****,,,,,,,,****,,,,,*,,,,,,,,,
*****,,.......#......,,,,,,,,,,
*,,,,,,.............,,,,,,,,,,*
**,,,,,,............,,.....,,,,*
*,,,,,,,...........#*,...h*,,,,,
***,,,,*#..........###...#**,**,
**,,,,.......##..#.....#*,.*,,
*,,,,,#(....#....#,...##..,,,
*,,#*##..(.D@....#,.......,,,
***#.#...........##.......,,*
**#....................D.,,,
**,...............#.#...##,*,
*,,..............####*,##****
*,,#........#...## *** *
**,###......#.<.# ***
######...### ##...#


You could see an acid dragon (catching breath).

Vanquished Creatures
  Menkaure (Ossuary)
  3 mummies (Ossuary)
  Robin (D:3)
  6 adders
  3 dart slugs (D:2)
  5 orcs
  2 endoplasms (D:4)
  3 giant cockroaches
  5 gnoll zombies (Ossuary)
  8 goblins
  14 hobgoblins
  4 jackals
  5 kobolds
  2 quokkas (D:1)
  3 ball pythons
  9 bats
  4 frilled lizards
  3 gnoll skeletons (Ossuary)
  5 goblin skeletons (Ossuary)
  8 goblin zombies (Ossuary)
  3 hobgoblin skeletons (Ossuary)
  3 hobgoblin zombies (Ossuary)
  4 kobold skeletons (Ossuary)
  A kobold zombie (Ossuary)
  6 orc skeletons (Ossuary)
  7 orc zombies (Ossuary)
  5 rats
  4 rat skeletons (Ossuary)
  A rat zombie (Ossuary)
128 creatures vanquished.

Notes
Turn   | Place    | Note
-------+----------+-------------------------------------------
     0 | D:1      | HoaS the Troll Hunter began the quest for the Orb.
     0 | D:1      | Reached XP level 1. HP: 19/19 MP: 0/0
   201 | D:1      | Reached skill level 1 in Unarmed Combat
   209 | D:1      | Reached XP level 2. HP: 27/27 MP: 1/1
   410 | D:1      | Found a faded altar of an unknown god.
   458 | D:1      | Reached skill level 1 in Stealth
   982 | D:1      | Reached XP level 3. HP: 20/33 MP: 2/2
  1038 | D:2      | Reached skill level 2 in Unarmed Combat
  1267 | D:2      | Reached XP level 4. HP: 36/41 MP: 3/3
  1582 | D:3      | Found a stormy altar of Qazlal.
  1819 | D:3      | Found Esuripta's Assorted Antiques.
  1952 | D:3      | Noticed Robin
  1989 | D:3      | Killed Robin
  1990 | D:3      | Reached skill level 3 in Unarmed Combat
  2305 | D:3      | Found a glowing silver altar of Zin.
  2305 | D:3      | Noticed an angel
  2518 | D:4      | Noticed an acid dragon
  2531 | D:4      | Reached XP level 5. HP: 18/48 MP: 4/4
  2590 | D:4      | Found a blossoming altar of Fedhas.
  2684 | D:4      | Found a sand-covered staircase.
  2692 | Ossuary  | Entered an ossuary
  3119 | Ossuary  | Noticed Menkaure
  3123 | Ossuary  | Killed Menkaure
  3124 | Ossuary  | Reached skill level 4 in Unarmed Combat
  3124 | Ossuary  | Reached XP level 6. HP: 55/55 MP: 5/5
  3216 | D:4      | Splashed by an acid dragon's acid

Illustrated notes

Levels and vault maps discovered:
D:1:      dpeg_arrival_boxorama, layout_basic,
          shapermc_ecumenical_altar_notcrosses, minmay_ruptured
D:2:      layout_rooms, minmay_cut_off
D:3:      layout_loops_corners, lemuel_round_altar, zin_angel, serial_shops,
          nicolae_shop_temple_entry_statues_fountains, uniq_robin
D:4:      layout_cave_pools, nicolae_overflow_hidden_temple,
          nicolae_overflow_crystal_walls, chequers_ossuary_entry_cave

Skill      XL: |  1  2  3  4  5 |
---------------+----------------+-----
Unarmed Combat | 1 2 3 4 |  4.4
Stealth        | 1 2 |  2.8
Fighting       | |  1.5
Throwing       | |  3.6
Dodging        | |  1.5

Action                   |  1- 3 |  4- 6 || total
-------------------------+-------+-------++-------
Melee: Unarmed           |   139 |   212 ||   351
       Punch             |       |     2 ||     2
Throw: Large rock        |     1 |     5 ||     6
Evoke: Wand              |       |     1 ||     1
  Use: Scroll            |     2 |    14 ||    16
 Stab: Sleeping          |     2 |     2 ||     4
Armor: Robe              |    88 |    59 ||   147
Dodge: Dodged            |    75 |    71 ||   146

Table legend: (Time is in decaauts)
 A = Elapsed time spent in this place.
 B = Non-inter-level travel time spent in this place.
 C = Inter-level travel time spent in this place.
 D = Time resting spent in this place.
 E = Time spent auto-exploring this place.
 F = Levels seen in this place.
 G = Mean time per level.
                   A        B        C        D        E       F      G
               +--------+--------+--------+--------+--------+-----+--------+
         Total |   3207 |   3019 |    188 |     38 |   2038 |   5 |  641.4 |
       Dungeon |   2701 |   2513 |    188 |     14 |   1839 |   4 |  675.2 |
       Ossuary |    506 |    506 |      0 |     24 |    199 |   1 |  506.0 |
               +--------+--------+--------+--------+--------+-----+--------+

Top non-repeatable levels by time:
     D:3: 1025 daAuts
     D:1: 1004 daAuts
     D:2: 515 daAuts
 Ossuary: 506 daAuts
     D:4: 155 daAuts
